 Dungeon Crawl Stone Soup version 0.30.0 (webtiles) character file.

Game seed: 16406248789703289905

196300 dogaso222 the Swashbuckler (level 17, -1/148 HPs)
             Began as a Demonspawn Gladiator on May 6, 2023.
             Was a Plaything of Xom.
             Slain by an emperor scorpion (6 damage)
             ... on level 2 of the Spider Nest.
             The game lasted 01:47:53 (50238 turns).

dogaso222 the Swashbuckler (Demonspawn Gladiator)  Turns: 50238, Time: 01:47:53

Health: -1/148     AC: 33    Str: 17 (18) XL:     17   Next: 74%
Magic:  17/17      EV:  8    Int: 15      God:    Xom [.....*]
Gold:   493        SH:  5    Dex: 19 (20) Spells: 16/16 levels left

rFire   + + +        v - +8 Vampire's Tooth {megavamp}
rCold   + . .        (no shield)
rNeg    . . .        Y - +2 plate armour {rF+}
rPois   +            (helmet restricted)
rElec   +            y - +2 cloak
rCorr   +            (gloves unavailable)
SInv    +            q - +0 pair of boots
Will    +++++        u - amulet of reflection Stlth
                     N - ring "Aliamm" {rPois rF+ Will+ Int+3 Dex-3}
HPRegen 0.44/turn    B - ring of resist corrosion
MPRegen 0.15/turn

%: random rage (3%), reflection
@: brilliant, sanguine armoured, studying 2 skills
A: foul stench 3, spiny 3, sanguine armour 2, demonic touch 3, antennae 1,
talons 2, see invisible, agile 1, berserk 1, clever 1, cold resistance 1,
deterioration 1, fire resistance 1, strong-willed 3, sense surroundings 1,
robust 1, electricity resistance, strong 1, wild magic 1, inability to drink
after injury 1
}: 1/15 runes: decaying
a: Renounce Religion


You were on level 2 of the Spider Nest.
You worshipped Xom.
You were Xom's teddy bear.
You visited 5 branches of the dungeon, and saw 29 of its levels.

You collected 5894 gold pieces.
You spent 5401 gold pieces at shops.

Inventory:

Hand Weapons
 v - the +8 Vampire's Tooth (weapon) {megavamp}
   (You bought it in a shop on level 13 of the Dungeon)
Missiles
 s - 11 boomerangs (quivered)
 C - 6 silver javelins
 W - 9 javelins
Armour
 k - the +0 helmet of Thoughtfulness {rC+ Int-4 Dex+2 SInv}
   (You took it off Robin on level 2 of the Dungeon)

   Int:       It affects your intelligence (-4).
   Dex:       It affects your dexterity (+2).
   rC:        It protects you from cold.
   SInv:      It lets you see invisible.
 q - a +0 pair of boots (worn)
 y - a +2 cloak (worn)
 Y - a +2 plate armour of fire resistance (worn)
Jewellery
 g - an amulet of regeneration
 m - a ring of flight
 r - a ring of willpower
 u - an amulet of reflection (around neck)
 A - a ring of fire
 B - a ring of resist corrosion (right hand)
 F - a +4 ring of protection
 I - the ring of Cyukhlov {rElec rC+ Int+6}
   (You found it on level 1 of the Orcish Mines)

   [ring of intelligence]

   Int:       It affects your intelligence (+6).
   rC:        It protects you from cold.
   rElec:     It insulates you from electricity.
 N - the ring "Aliamm" (left hand) {rPois rF+ Will+ Int+3 Dex-3}
   (You bought it in a shop on level 13 of the Dungeon)

   [ring of protection from fire]

   Int:       It affects your intelligence (+3).
   Dex:       It affects your dexterity (-3).
   rF:        It protects you from fire.
   rPois:     It protects you from poison.
   Will:      It increases your willpower.
 V - the ring "Tesupp" {Fly rF+ Str+5 Stlth+}
   (You bought it in a shop on level 13 of the Dungeon)

   [ring of flight]

   Str:       It affects your strength (+5).
   rF:        It protects you from fire.
   Fly:       It grants you flight.
   Stlth:     It makes you more stealthy.
Wands
 b - a wand of polymorph (19)
 D - a wand of flame (23)
 E - a wand of quicksilver (13)
 G - a wand of digging (16)
 M - a wand of charming (15)
 S - a wand of iceblast (23)
Scrolls
 a - 3 scrolls of fear
 e - 4 scrolls of blinking
 f - 4 scrolls of enchant armour
 h - 5 scrolls of amnesia
 i - 9 scrolls of enchant weapon
 j - 3 scrolls of fog
 l - 4 scrolls of brand weapon
 n - 10 scrolls of teleportation
 o - 3 scrolls of butterflies
 z - 5 scrolls of magic mapping
 L - a scroll of poison
 T - 3 scrolls of silence
Potions
 c - 7 potions of mutation
 p - 14 potions of curing
 w - 2 potions of brilliance
 x - 2 potions of might
 H - 4 potions of invisibility
 O - 2 potions of cancellation
 P - 4 potions of ambrosia
 Q - 9 potions of heal wounds
 R - 3 potions of resistance
 X - a potion of flight
 Z - a potion of haste
Miscellaneous
 d - a box of beasts
 t - a phantom mirror
 J - a tin of tremorstones (2/2)
 K - a lightning rod (4/4)


   Skills:
 + Level 12.7 Fighting
 - Level 18.0 Short Blades
 - Level 12.0 Throwing
 - Level 16.0 Armour
 - Level 3.0 Dodging
 * Level 13.4 Evocations


You had 16 spell levels left.
You didn't know any spells.
Your spell library contained the following spells:

 Spells                   Type           Power      Damage    Failure   Level
 Beastly Appendage        Tmut           0%         N/A       99%         1
 Foxfire                  Conj/Fire      0%         2x1d4     99%         1
 Kiss of Death            Conj/Necr      0%         2d5       99%         1
 Necrotise                Necr           0%         1d4       99%         1
 Slow                     Hex            0%         N/A       99%         1
 Blink                    Tloc           0%         N/A       100%        2
 Ensorcelled Hibernation  Hex/Ice        0%         N/A       100%        2
 Lesser Beckoning         Tloc           0%         N/A       100%        2
 Momentum Strike          Conj/Tloc      0%         3d8       100%        2
 Passwall                 Tmut/Erth      0%         N/A       100%        2
 Scorch                   Fire           0%         2d5       100%        2
 Sublimation of Blood     Necr           0%         N/A       100%        2
 Wereblood                Tmut           0%         N/A       100%        2
 Call Canine Familiar     Summ           0%         N/A       100%        3
 Confusing Touch          Hex            0%         N/A       100%        3
 Mephitic Cloud           Conj/Pois/Air  0%         N/A       100%        3
 Portal Projectile        Hex/Tloc       0%         N/A       100%        3
 Spider Form              Tmut/Pois      0%         N/A       100%        3
 Stone Arrow              Conj/Erth      0%         3d7       100%        3
 Swiftness                Air            0%         N/A       100%        3
 Vampiric Draining        Necr           0%         2d6       100%        3
 Volatile Blastmotes      Fire/Tloc      0%         2d10      100%        3
 Dispel Undead            Necr           0%         3d6       100%        4
 Flame Wave               Conj/Fire      0%         2d4       100%        4
 Ice Form                 Ice/Tmut       0%         N/A       100%        4
 Leda's Liquefaction      Hex/Erth       0%         N/A       100%        4
 Petrify                  Tmut/Erth      0%         N/A       100%        4
 Borgnjor's Vile Clutch   Necr/Erth      0%         N/A       100%        5
 Metabolic Englaciation   Hex/Ice        0%         N/A       100%        5
 Statue Form              Tmut/Erth      0%         N/A       100%        6
 Summon Hydra             Summ           0%         N/A       100%        7
 Disjunction              Tloc           0%         N/A       100%        8
 Lehudib's Crystal Spear  Conj/Erth      0%         10d2      100%        8


Dungeon Overview and Level Annotations

Branches:
Dungeon (15/15)            Temple (0/1) D:6            Lair (5/5) D:11
  Swamp (visited)          Spider (3/4) Lair:2        Slime (0/5) Lair:5
    Orc (2/2) D:11            Elf (0/3) Orc:2        Vaults (0/5) D:13
 Depths (0/4) D:15

Altars:
Cheibriados
Dithmenos
Xom
Yredelemnul

Shops:
D:2 *   D:3 !   D:10 (   D:11 *   D:13 *(*=(   D:14 ([[[   Orc:1 !
Orc:2 (**!(

Annotations:
D:15 2 transporters, ZLogic's ghost, journeyman SpEn
Lair:3 3 runed translucent doors, Sadonosm's ghost, journeyman DgSk
Swamp:2 1 runed translucent door, pleonasm's ghost, adept OgBe


Innate Abilities, Weirdness & Mutations

You frequently emit foul miasma when damaged in melee.
You are completely covered in sharp spines.
When seriously injured, your blood forms thick armour. (AC +9)
Your touch may irresistibly damage your foes and sap their willpower.
You have a pair of small antennae on your head.
You have razor-sharp toenails.
You have supernaturally acute eyesight. (SInv)
You are agile. (Dex +4, Str/Int -1)
You sometimes lose your temper in combat.
Your mind is acute. (Int +4, Str/Dex -1)
Your flesh is cold resistant. (rC+)
Your body sometimes deteriorates upon taking damage.
Your flesh is heat resistant. (rF+)
You are extremely strong-willed. (Will+++)
You passively map a small area around you.
You are robust. (+10% HP)
You are resistant to electric shocks. (rElec)
Your muscles are strong. (Str +4, Int/Dex -1)
Your spells are a little harder to cast, but a little more powerful.
You occasionally lose the ability to drink potions when taking damage.


Message History

The emperor scorpion barely misses you.
The emperor scorpion claws you but does no damage.
You hit the emperor scorpion.
You touch the emperor scorpion!
You sap its willpower!
The emperor scorpion is moderately wounded.
You feel sick.
You hit the emperor scorpion but do no damage.
The emperor scorpion is moderately wounded.
You feel sick. The emperor scorpion barely misses you.
The emperor scorpion claws you but does no damage.
You block the emperor scorpion's attack.
You hit the emperor scorpion but do no damage.
The emperor scorpion is moderately wounded.
You feel sick.
You closely miss the emperor scorpion.
The emperor scorpion is moderately wounded.
You feel sick.
You block the emperor scorpion's attack.
The emperor scorpion claws you!
* * * LOW HITPOINT WARNING * * *
The emperor scorpion closely misses you.
Okay, then.
You hit the emperor scorpion but do no damage.
You touch the emperor scorpion!
You sap its willpower!
The emperor scorpion is moderately wounded.
You feel sick. The emperor scorpion stings you!!
* * * LOW HITPOINT WARNING * * *
The emperor scorpion claws you but does no damage.
The emperor scorpion claws you.
* * * LOW HITPOINT WARNING * * *
You emit a cloud of foul miasma!
You feel better.
The emperor scorpion is engulfed in dark miasma.
The emperor scorpion is poisoned.
The emperor scorpion seems to slow down.
The emperor scorpion is struck by your spines.
The emperor scorpion stings you!
* * * LOW HITPOINT WARNING * * *
The emperor scorpion claws you.
You die...

# # ### # ###.# ### ##..####.##
#.####...^# #########
##.##..[..## #...§§§§#
##........###...####.
##....†....##.#### #.
#....@.....#.#.## #.
##.....s..^..###.## #.
#...........#####.## #. ###
#...........##^..^.###. #
####.#####........#.##......###
###......####......###.#........#
.................####...#........
#...........########..##.......##
.^...........#.# ##...###......#


You could see an emperor scorpion (berserk, poisoned, slow, weak-willed).

Vanquished Creatures
  Mara (Swamp:4)
  Jorgrun (D:13)
  Rupert (D:14)
  Mlioglotl (Swamp:3)
  Frances (Swamp:2)
  3 thorn hunters
  Kirke (Lair:4)
  Roxanne (D:14)
  Donald (Swamp:2)
  The ghost of Paschim the Severer, a journeyman MiBe of Trog (Orc:1)
  A fenstrider witch (Swamp:4)
  An azure jelly (Swamp:4)
  A ghost moth (Spider:1)
  Aizul (Swamp:4)
  3 emperor scorpions
  2 ghouls (Swamp:1)
  Nessos (Lair:4)
  3 eleionomae
  A demonspawn black sun (D:14)
  3 bunyips
  2 dire elephants (Lair:5)
  6 spark wasps
  Josephine (Orc:1)
  An entropy weaver (Spider:2)
  2 shambling mangroves (Swamp:3)
  8 ghost crabs
  13 hydras
  2 ice dragons (Swamp:4)
  5 centaur warriors
  2 ogre magi (D:15)
  A radroach (Spider:1)
  8 alligators
  4 catoblepae
  3 boulder beetles
  2 dancing weapons
  A deep troll shaman (Lair:5)
  A vampire mage (D:15)
  12 two-headed ogres
  15 death yaks
  Nergalle (D:10)
  9 spriggans
  2 sun demons (D:14)
  A skyshark (D:14)
  4 fire crabs (Lair:3)
  A sun moth (Spider:1)
  3 pharaoh ants (Spider:1)
  2 skeletal warriors (D:15)
  5 goliath frogs
  7 bog bodies
  An orb spider (Spider:2)
  A spark wasp zombie (D:15)
  A swamp dragon (Swamp:1)
  A spriggan druid (Swamp:3)
  A necromancer (D:15)
  A harpy (shapeshifter) (D:15)
  3 deep elf pyromancers
  6 steelbarb worms
  A wizard (D:15)
  11 ugly things
  8 orc knights
  7 will-o-the-wisps
  3 orc sorcerers (Orc:1)
  5 wolf spiders
  9 cyclopes
  3 manticores
  A frost giant skeleton (D:15)
  5 elephants
  A stone giant zombie (D:15)
  4 black mambas
  A demonic crawler (Spider:1)
  Maurice (Orc:1)
  4 large abominations (D:14)
  2 torpor snails
  A gargoyle (D:12)
  8 kobold demonologists
  An unseen horror (shapeshifter) (D:14)
  13 cane toads
  An efreet (D:14)
  6 komodo dragons
  4 rime drakes
  4 freezing wraiths (Swamp:4)
  2 tengu conjurers (D:14)
  4 trolls
  A spriggan skeleton (D:15)
  3 polar bears
  A bloated husk (Swamp:1)
  16 hornets
  6 tyrant leeches
  A wolf spider simulacrum (D:14)
  6 tarantellas
  Grinder (D:5)
  A raiju (shapeshifter) (D:13)
  A dream sheep (Lair:4)
  26 blink frogs
  A spectral black mamba (Lair:2)
  A shadow (D:13)
  10 jumping spiders
  3 slime creatures (D:14)
  9 culicivoras
  6 wraiths
  2 wyverns
  42 yaks
  Grum (D:10)
  Eustachio (D:5)
  A hog (Lair:4)
  A steam dragon (Lair:3)
  2 neqoxecs (Orc:1)
  7 basilisks
  4 swamp worm simulacra (Swamp:4)
  14 redbacks
  Edmund (D:5)
  9 vampire mosquitoes
  12 swamp worms
  2 wargs
  17 hydra simulacra (Swamp:4)
  Duvessa (D:7)
  4 acid dragons
  16 water moccasins
  28 orc warriors
  A spectral blink frog (Lair:2)
  3 swamp drakes
  5 sky beasts
  An ice beast (D:7)
  5 black bears
  13 wolves
  5 boggarts (D:15)
  A spectral rime drake (Lair:2)
  9 ogres
  13 centaurs
  A phantom (D:6)
  2 small abominations (D:14)
  A spectral basilisk (Lair:2)
  8 bullfrogs
  2 kobold brigands
  2 necrophages (Swamp:2)
  3 spectral water moccasins (Lair:2)
  5 scorpions
  A gnoll sergeant (D:9)
  15 wights
  Dowan (D:7)
  10 killer bees (D:9)
  8 electric eels
  2 quasits (Orc:1)
  18 orc priests
  5 hounds
  5 iguanas
  13 orc wizards
  Robin (D:2)
  10 adders
  9 gnolls
  A white imp (D:5)
  An ufetubus (D:6)
  3 swamp drake simulacra (Swamp:4)
  A worm (D:6)
  A dart slug (D:1)
  55 orcs
  5 ball pythons
  6 endoplasms
  A giant cockroach (D:1)
  17 goblins
  5 hobgoblins
  7 jackals
  12 kobolds
  3 bats
  A frilled lizard (D:2)
  A spectral orc (D:14)
834 creatures vanquished.

Vanquished Creatures (collateral kills)
  A bunyip (Swamp:3)
  An alligator (Lair:3)
  Urug (Orc:2)
  2 spriggan druids (Swamp:3)
  An elephant (Lair:3)
  A rime drake (Lair:3)
  2 tyrant leeches (Swamp:3)
  A hornet (Lair:3)
  A dream sheep (Lair:4)
  A slime creature (D:14)
  A spriggan (Swamp:3)
  3 yaks
  3 neqoxecs (Orc:1)
  2 swamp worms (Swamp:3)
  10 orc warriors (Orc:2)
  A wolf (Lair:3)
  A centaur (Orc:2)
  An electric eel (Lair:3)
  A swamp drake simulacrum (Swamp:4)
  2 orcs (Orc:2)
37 creatures vanquished.

Vanquished Creatures (others)
  A hydra (Swamp:1)
  A dancing weapon (Swamp:3)
  A goliath frog (Swamp:4)
  2 tyrant leeches (Swamp:4)
  A hornet (Swamp:1)
  2 spriggans (Swamp:1)
  2 humans (Lair:4)
  A vampire mosquito (Swamp:1)
  An orc warrior (Orc:1)
  A bullfrog (Lair:4)
  44 foxfires
  42 fungi
  53 plants
  13 withered plants (D:15)
165 creatures vanquished.

Grand Total: 1036 creatures vanquished

Notes
Turn   | Place    | Note
-------+----------+-------------------------------------------
     0 | D:1      | dogaso222 the Demonspawn Gladiator began the quest for the
                  | Orb.
     0 | D:1      | Reached XP level 1. HP: 16/16 MP: 1/1
   187 | D:1      | Gained mutation: You are partially covered in sharp spines.
                  | [demonic ancestry]
   187 | D:1      | Reached XP level 2. HP: 22/22 MP: 2/2
   316 | D:1      | Reached skill level 3 in Short Blades
   578 | D:2      | Identified the +0 helmet of Thoughtfulness {rC+ Int-4 Dex+2
                  | SInv}
   578 | D:2      | Noticed Robin
   586 | D:2      | Gained mutation: Your touch may inflict minor irresistible
                  | damage on your foes. [demonic ancestry]
   586 | D:2      | Reached XP level 3. HP: 28/28 MP: 3/3
   598 | D:2      | Killed Robin
  1154 | D:2      | Gained mutation: You may rarely emit foul miasma when
                  | damaged in melee. [demonic ancestry]
  1154 | D:2      | Reached XP level 4. HP: 37/37 MP: 4/4
  1204 | D:2      | Found Ucweoff's Assorted Antiques.
  1211 | D:2      | Reached skill level 1 in Armour
  1742 | D:3      | Found a faded altar of an unknown god.
  2093 | D:3      | Found Wecaaq's Distillery.
  2102 | D:3      | Bought a potion of curing for 36 gold pieces
  2215 | D:3      | Prayed at the altar of an unknown god.
  2215 | D:3      | Became a worshipper of Xom the Psychopath
  2411 | D:4      | Gained mutation: You are mostly covered in sharp spines.
                  | [demonic ancestry]
  2411 | D:4      | Reached XP level 5. HP: 42/42 MP: 5/5
  2622 | D:4      | XOM: divination: detect creatures
  2651 | D:4      | Noticed a wyvern
  2714 | D:4      | Reached XP level 6. HP: 49/49 MP: 6/6
  2720 | D:4      | Killed a wyvern
  2721 | D:4      | Reached skill level 5 in Fighting
  2798 | D:4      | Gained mutation: Your touch may inflict irresistible damage
                  | on your foes. [demonic ancestry]
  2798 | D:4      | Reached XP level 7. HP: 56/56 MP: 7/7
  2988 | D:4      | XOM: divination: detect creatures
  3078 | D:5      | Entered Level 5 of the Dungeon
  3078 | D:5      | Noticed Edmund
  3079 | D:5      | XOM: divination: detect items
  3079 | D:5      | Noticed Grinder
  3344 | D:5      | Killed Edmund
  3350 | D:5      | XOM: 3-stop teleportation journey
  3364 | D:5      | Reached skill level 5 in Armour
  3385 | D:5      | XOM: potion effect (haste)
  3385 | D:5      | Paralysed by Grinder for 2 turns
  3388 | D:5      | Killed Grinder
  3412 | D:5      | Gained mutation: Your touch may irresistibly damage your
                  | foes and sap their willpower. [demonic ancestry]
  3412 | D:5      | Reached XP level 8. HP: 64/64 MP: 8/8
  3520 | D:5      | XOM: enchant monster (bad)
  3556 | D:5      | XOM: silly message
  3598 | D:5      | XOM: 3-stop teleportation journey
  3606 | D:5      | Reached skill level 4 in Short Blades
  3703 | D:5      | Noticed Eustachio
  3714 | D:5      | Killed Eustachio
  3970 | D:6      | Found a snail-covered altar of Cheibriados.
  4004 | D:6      | Reached skill level 5 in Short Blades
  4263 | D:6      | XOM: noise
  4451 | D:6      | Found a staircase to the Ecumenical Temple.
  4457 | D:6      | Gained mutation: You sometimes emit foul miasma when
                  | damaged in melee. [demonic ancestry]
  4457 | D:6      | Reached XP level 9. HP: 69/69 MP: 9/9
  4572 | D:7      | XOM: divination: detect creatures
  4592 | D:7      | Reached skill level 6 in Short Blades
  4691 | D:7      | Noticed a two-headed ogre
  4692 | D:7      | Noticed a troll
  4841 | D:7      | XOM: potion effect (brilliance)
  4841 | D:7      | XOM: butterfly on damage
  4844 | D:7      | Killed a two-headed ogre
  4845 | D:7      | Reached skill level 7 in Short Blades
  4847 | D:7      | XOM: potion effect (might)
  4849 | D:7      | Killed a troll
  4850 | D:7      | Reached skill level 8 in Short Blades
  5691 | D:7      | Reached skill level 9 in Short Blades
  5736 | D:7      | Noticed Duvessa
  5736 | D:7      | Noticed Dowan
  5741 | D:7      | Killed Duvessa
  5748 | D:7      | Killed Dowan
  5848 | D:8      | Gained mutation: You frequently emit foul miasma when
                  | damaged in melee. [demonic ancestry]
  5848 | D:8      | Reached XP level 10. HP: 68/76 MP: 10/10
  5909 | D:8      | XOM: divination: detect creatures
  6039 | D:8      | XOM: god gift: wand of charming (5)
  6047 | D:8      | XOM: god gift: scroll labelled NEN WAOGUFIC {god gift}
  6154 | D:8      | Reached skill level 10 in Short Blades
  6164 | D:8      | Noticed a cyclops
  6192 | D:8      | Killed a cyclops
  6272 | D:8      | XOM: stat loss: -1 Int (4/5)
  6321 | D:8      | Noticed a two-headed ogre
  6324 | D:8      | XOM: scenery: create altars
  6330 | D:8      | Killed a two-headed ogre
  6382 | D:8      | Found a basalt altar of Yredelemnul.
  6785 | D:9      | XOM: scenery: create altars
  6852 | D:9      | XOM: divination: detect creatures
  6995 | D:9      | Reached skill level 5 in Throwing
  7002 | D:9      | XOM: summons 7 friendly demons
  7024 | D:9      | XOM: confuse monster(s)
  7082 | D:9      | Noticed a manticore
  7094 | D:9      | Killed a manticore
  7408 | D:9      | Reached XP level 11. HP: 77/86 MP: 11/11
  7783 | D:9      | XOM: cloud trail
  8514 | D:10     | Entered Level 10 of the Dungeon
  8711 | D:10     | XOM: 2-stop teleportation journey
  8720 | D:10     | XOM: potion effect (attraction)
  8832 | D:10     | Noticed Grum
  8839 | D:10     | XOM: summons friendly white imp
  8845 | D:10     | Killed Grum
  8888 | D:10     | XOM: 6-stop teleportation journey
  8891 | D:10     | XOM: silly message
  8964 | D:10     | Found Kaivan's Weapon Boutique.
  8964 | D:10     | XOM: enchant monster (good)
  8965 | D:10     | XOM: potion effect (curing)
  8976 | D:10     | Bought 5 boomerangs for 140 gold pieces
  8976 | D:10     | Bought 2 boomerangs for 56 gold pieces
  9022 | D:10     | XOM: cloud trail
  9103 | D:10     | Noticed Nergalle
  9108 | D:10     | XOM: butterfly on damage
  9112 | D:10     | XOM: silly message
  9126 | D:10     | Killed Nergalle
  9419 | D:10     | XOM: give mutation
  9419 | D:10     | Gained mutation: You are partially covered in large bone
                  | plates. (SH +4) [Xom's mischief]
  9462 | D:10     | Noticed a two-headed ogre
  9477 | D:10     | XOM: give mutations
  9477 | D:10     | Gained mutation: You are mostly covered in large bone
                  | plates. (SH +6) [Xom's mischief]
  9477 | D:10     | Gained mutation: Your mind is acute. (Int +4, Str/Dex -1)
                  | [Xom's mischief]
  9477 | D:10     | Gained mutation: Armour fits poorly on your strangely
                  | shaped body. [Xom's mischief]
  9477 | D:10     | Lost mutation: Armour fits poorly on your strangely shaped
                  | body. [Xom's mischief]
  9478 | D:10     | XOM: give mutations
  9478 | D:10     | Lost mutation: Your mind is acute. (Int +4, Str/Dex -1)
                  | [Xom's mischief]
  9478 | D:10     | Lost mutation: You are mostly covered in large bone plates.
                  | (SH +6) [Xom's mischief]
  9482 | D:10     | Killed a two-headed ogre
  9585 | D:10     | XOM: scenery: 2 doors open, 1 doors close
  9677 | D:10     | XOM: confusion
  9887 | D:11     | Noticed a death yak
  9895 | D:11     | XOM: scenery: 1 doors open, 1 doors close
  9911 | D:11     | Killed a death yak
  9912 | D:11     | Reached skill level 10 in Throwing
  9955 | D:11     | XOM: give mutation
  9955 | D:11     | Gained mutation: You are resistant to electric shocks.
                  | (rElec) [Xom's grace]
 10069 | D:11     | Found a staircase to the Lair.
 10074 | D:11     | XOM: enchant monster (bad)
 10108 | D:11     | Found a staircase to the Orcish Mines.
 10144 | D:11     | XOM: summons friendly crimson imp
 10344 | D:11     | XOM: give mutations
 10344 | D:11     | Gained mutation: You are frail. (-10% HP) [Xom's mischief]
 10344 | D:11     | Gained mutation: You are strong-willed. (Will+) [Xom's
                  | mischief]
 10344 | D:11     | Lost mutation: You are partially covered in large bone
                  | plates. (SH +4) [Xom's mischief]
 10485 | D:11     | XOM: 2-stop teleportation journey
 10634 | D:11     | XOM: silly message
 10747 | D:11     | Found Abem's General Store.
 10753 | D:11     | Bought a scroll of identify for 24 gold pieces
 10753 | D:11     | Bought a potion of heal wounds for 60 gold pieces
 10789 | D:11     | XOM: silly message
 11039 | D:11     | XOM is BORED!
 11039 | D:11     | XOM: silly message
 11064 | D:11     | Noticed a boulder beetle
 11073 | D:11     | XOM: potion effect (might)
 11082 | D:11     | Killed a boulder beetle
 11581 | D:11     | XOM: cloud trail
 11936 | D:12     | Noticed a boulder beetle
 11952 | D:12     | Killed a boulder beetle
 11953 | D:12     | Gained mutation: You are completely covered in sharp
                  | spines. [demonic ancestry]
 11953 | D:12     | Reached XP level 12. HP: 76/82 MP: 12/12
 12321 | D:12     | XOM: silly message
 12644 | D:12     | XOM: noise
 12656 | D:12     | XOM: potion effect (heal wounds)
 12673 | D:12     | XOM: smoke on damage
 12704 | D:12     | XOM: divination: magic mapping
 12995 | D:12     | XOM: silly message
 13004 | D:12     | Identified the +0 scale mail of Onul {Contam rN+ Int+4}
 13077 | D:12     | XOM: summons friendly crimson imp
 13107 | D:12     | XOM: enchant monster (good)
 13174 | D:12     | XOM is BORED!
 13369 | D:12     | XOM: fog
 14046 | D:13     | XOM: scenery: 1 doors open
 14051 | D:13     | XOM: confuse monster(s)
 14061 | D:12     | XOM: confuse monster(s)
 14066 | D:12     | XOM: noise
 14224 | D:13     | Found Xukotah's Assorted Antiques.
 14232 | D:13     | Bought a potion of curing for 87 gold pieces
 14244 | D:13     | Found Hefyhus's Antique Weapon Shoppe.
 14274 | D:13     | XOM: scenery: create altars
 14313 | D:13     | XOM: god gift: 13 gold pieces
 14337 | D:13     | Found a gate to the Vaults.
 14402 | D:13     | Noticed a two-headed ogre
 14415 | D:13     | XOM: butterfly on damage
 14416 | D:13     | Killed a two-headed ogre
 14492 | D:13     | XOM: god gift: 755 gold pieces
 14625 | D:13     | Noticed a centaur warrior
 14634 | D:13     | Killed a centaur warrior
 14772 | D:13     | XOM: god gift: 11 gold pieces
 14773 | D:13     | Found Umugawiw's Weapon Shop.
 14783 | D:13     | Bought the +8 Vampire's Tooth {megavamp} for 840 gold
                  | pieces
 14783 | D:13     | Found the +8 Vampire's Tooth {megavamp}
 14896 | D:13     | Noticed a centaur warrior
 14914 | D:13     | Killed a centaur warrior
 15122 | D:13     | Found Loroymmaha's General Store.
 15195 | D:13     | XOM: god gift: wand of iceblast (4)
 15220 | D:13     | Bought a potion of heal wounds for 65 gold pieces
 15267 | D:13     | Reached skill level 10 in Fighting
 15601 | D:13     | Noticed Jorgrun
 15621 | D:13     | Killed Jorgrun
 15622 | D:13     | Reached skill level 10 in Armour
 15774 | D:13     | Noticed a centaur warrior
 15774 | D:13     | XOM: enchant monster (good)
 15775 | D:13     | You fall into a shaft and drop 1 floor!
 16085 | D:14     | Noticed a centaur warrior
 16092 | D:14     | Killed a centaur warrior
 16093 | D:14     | Gained mutation: When seriously injured, your blood forms
                  | armour. (AC +9) [demonic ancestry]
 16093 | D:14     | Reached XP level 13. HP: 68/93 MP: 13/13
 16308 | D:14     | XOM: scenery: 1 doors open, 4 doors close
 16330 | D:14     | XOM: confuse monster(s)
 16342 | D:14     | Noticed Rupert
 16360 | D:14     | Found Muthryuh's Armour Emporium.
 16386 | D:14     | XOM: fog
 16399 | D:14     | Killed Rupert
 16530 | D:14     | Found Qudidy's Weapon Shoppe.
 16563 | D:14     | Found a shadowy altar of Dithmenos.
 16837 | D:13     | Found Luxewk's Jewellery Boutique.
 17186 | D:14     | XOM: potion effect (might)
 17187 | D:14     | XOM: summons friendly ufetubus
 17207 | D:14     | XOM: polymorph ufetubus -> white imp
 17219 | D:14     | XOM: 4-stop teleportation journey
 17317 | D:14     | XOM: 1-stop teleportation journey
 17319 | D:14     | XOM: enchant monster (good)
 17563 | D:14     | Found Doegoroq's Armour Emporium.
 17583 | D:14     | XOM: polymorph slime creature -> skyshark
 17682 | D:13     | XOM: summons 3 hostile shadow creatures
 17976 | Lair:1   | Entered Level 1 of the Lair of Beasts
 17990 | Lair:1   | XOM: scenery: summon butterflies
 18178 | Lair:1   | XOM: cast spell 'Summon Cactus Giant'
 18511 | Lair:1   | XOM: potion effect (brilliance)
 18515 | Lair:1   | XOM: give mutations
 18515 | Lair:1   | Lost mutation: You are frail. (-10% HP) [Xom's mischief]
 18515 | Lair:1   | Gained mutation: You occasionally shout uncontrollably at
                  | your foes. [Xom's mischief]
 18907 | Lair:2   | XOM: enchant monster (bad)
 18908 | Lair:2   | Reached skill level 1 in Evocations
 18960 | Lair:2   | XOM: summons 4 hostile demons
 18997 | Lair:2   | XOM: draining
 19212 | Lair:2   | XOM: noise
 19214 | Lair:2   | XOM: give mutations
 19214 | Lair:2   | Gained mutation: You possess an exceptional clarity of
                  | mind. [Xom's mischief]
 19214 | Lair:2   | Gained mutation: You are dopey. (Int -2) [Xom's mischief]
 19214 | Lair:2   | Lost mutation: You possess an exceptional clarity of mind.
                  | [Xom's mischief]
 19258 | Lair:2   | XOM: polymorph yak -> culicivora
 19266 | Lair:2   | XOM: summons friendly crimson imp
 19267 | Lair:2   | XOM: cleaving
 19384 | Lair:2   | XOM: divination: magic mapping
 19386 | Lair:2   | XOM: cast spell 'Monstrous Menagerie'
 19678 | Lair:2   | Found a hole to the Spider Nest.
 19735 | Lair:2   | XOM: god gift: hand axe {god gift}
 19841 | Lair:2   | Found a staircase to the Swamp.
 19843 | Lair:2   | XOM: potion effect (might)
 19846 | Lair:2   | XOM: fog
 19952 | Lair:2   | XOM is BORED!
 20449 | Lair:3   | XOM: enchant monster (good)
 20660 | Lair:3   | Found a runed translucent gate.
 20660 | Lair:3   | Found a runed translucent gate.
 20660 | Lair:3   | Found a runed translucent gate.
 20767 | Lair:3   | XOM: give mutations
 20767 | Lair:3   | Gained mutation: You have a pair of small horns on your
                  | head. [Xom's grace]
 20767 | Lair:3   | Gained mutation: Your muscles are strong. (Str +4, Int/Dex
                  | -1) [Xom's grace]
 20767 | Lair:3   | Gained mutation: You are agile. (Dex +4, Str/Int -1) [Xom's
                  | grace]
 20789 | Lair:3   | XOM: silly message
 20942 | Lair:3   | XOM: enchant monster (good)
 20965 | Lair:3   | Reached XP level 14. HP: 86/115 MP: 14/14
 21079 | Lair:3   | XOM: 4-stop teleportation journey
 21538 | Lair:3   | XOM: summons 2 friendly demons
 21553 | Lair:3   | XOM: cast spell 'Summon Dragon'
 21554 | Lair:3   | Reached skill level 11 in Short Blades
 21565 | Lair:3   | XOM: potion effect (invisibility)
 21566 | Lair:3   | Reached skill level 5 in Evocations
 21647 | Lair:3   | XOM: noise
 21738 | Lair:3   | XOM: polymorph fire dragon -> great orb of eyes
 21888 | Lair:3   | XOM: confusion
 22262 | Lair:3   | XOM: smoke on damage
 22503 | Lair:3   | Got the Dissertation on Scorched Intoxication
 22677 | Lair:3   | XOM: silly message
 22717 | Lair:3   | Noticed Sadonosm's ghost (journeyman DgSk)
 22737 | Lair:3   | XOM: give mutations
 22737 | Lair:3   | Gained mutation: You are vulnerable to heat. (rF-) [Xom's
                  | mischief]
 22737 | Lair:3   | Lost mutation: You have a pair of small horns on your head.
                  | [Xom's mischief]
 22778 | Lair:4   | Noticed Nessos
 22908 | Lair:4   | XOM: confuse monster(s)
 22931 | Lair:4   | XOM: enchant monster (bad)
 22933 | Lair:4   | XOM: noise
 22940 | Lair:4   | Killed Nessos
 23017 | Lair:4   | XOM: cast spell 'Discord'
 23096 | Lair:4   | Noticed Kirke
 23113 | Lair:4   | Killed Kirke
 23247 | Lair:4   | XOM: summons friendly white imp
 23249 | Lair:4   | XOM: enchant monster (good)
 23331 | Lair:4   | XOM is BORED!
 23331 | Lair:4   | XOM: give mutations
 23331 | Lair:4   | Gained mutation: You are highly strong-willed. (Will++)
                  | [Xom's mischief]
 23331 | Lair:4   | Lost mutation: You are agile. (Dex +4, Str/Int -1) [Xom's
                  | mischief]
 23331 | Lair:4   | Gained mutation: Your magical capacity is low. (-10% MP)
                  | [Xom's mischief]
 23430 | Lair:4   | Reached skill level 12 in Short Blades
 23614 | Lair:4   | XOM: cleaving
 23618 | Lair:4   | XOM: summons friendly quasit
 23638 | Lair:4   | XOM: scenery: 1 doors open
 23651 | Lair:4   | XOM: noise
 23662 | Lair:4   | XOM: blink monster(s)
 23972 | Lair:4   | XOM: give mutations
 23972 | Lair:4   | Gained mutation: You are extremely strong-willed. (Will+++)
                  | [Xom's grace]
 23972 | Lair:4   | Gained mutation: You passively dampen the noise of your
                  | surroundings. [Xom's grace]
 24154 | Lair:5   | Entered Level 5 of the Lair of Beasts
 24172 | Lair:5   | XOM: repel stairs
 24233 | Lair:5   | XOM: summons 2 hostile shadow creatures
 24312 | Lair:5   | XOM: torment (54/115 hp)
 24648 | Lair:5   | XOM: noise
 24649 | Lair:5   | XOM: swap monsters
 24693 | Lair:5   | XOM: draining
 24741 | Lair:5   | XOM: confuse monster(s)
 24787 | Lair:5   | XOM: swap monsters
 24844 | Lair:5   | XOM: polymorph death yak -> dire elephant
 24847 | Lair:5   | XOM: summons 2 hostile shadow creatures
 24852 | Lair:5   | XOM: summons 4 hostile demons
 24862 | Lair:5   | XOM: blink monster(s)
 24863 | Lair:5   | XOM: divination: detect items
 25047 | Lair:5   | XOM: god gift: runed helmet {god gift}
 25263 | Lair:5   | XOM: scenery: summon butterflies
 25335 | Lair:5   | XOM: scenery: summon butterflies
 25348 | Lair:5   | XOM: cleaving
 25395 | Lair:5   | XOM: divine lightning
 25409 | Lair:5   | XOM: summons friendly shadow imp
 25432 | Lair:5   | XOM: confuse monster(s)
 25438 | Lair:5   | Reached skill level 13 in Short Blades
 25438 | Lair:5   | Reached XP level 15. HP: 120/120 MP: 13/13
 25474 | Lair:5   | XOM: god gift: 2 scrolls of amnesia
 25780 | Lair:5   | Found a staircase to the Slime Pits.
 25886 | Lair:5   | XOM: scenery: summon butterflies
 25948 | Lair:5   | XOM: cast spell 'Summon Small Mammal'
 25950 | Lair:5   | XOM: cleaving
 25970 | Lair:5   | XOM: divination: detect creatures
 25972 | Lair:5   | XOM: divination: magic mapping
 26482 | Lair:5   | XOM: silly message
 26862 | D:2      | Bought a scroll of identify for 60 gold pieces
 26862 | D:2      | Bought a scroll of teleportation for 90 gold pieces
 26862 | D:2      | Bought a scroll of identify for 60 gold pieces
 26863 | D:2      | Identified a scroll of acquirement
 26864 | D:2      | Acquired 1042 gold pieces
 27025 | D:2      | XOM: divination: detect creatures
 27514 | D:13     | Bought the ring "Aliamm" {rPois rF+ Will+ Int+3 Dex-3} for
                  | 543 gold pieces
 27514 | D:13     | Bought the ring "Tesupp" {Fly rF+ Str+5 Stlth+} for 582
                  | gold pieces
 27579 | D:13     | XOM: give mutations
 27579 | D:13     | Gained mutation: Your spells are a little harder to cast,
                  | but a little more powerful. [Xom's grace]
 27579 | D:13     | Gained mutation: You are somewhat resistant to further
                  | mutation. [Xom's grace]
 27579 | D:13     | Gained mutation: You are robust. (+10% HP) [Xom's grace]
 27579 | D:13     | Gained mutation: Your natural rate of healing is unusually
                  | fast. [Xom's grace]
 27602 | D:13     | XOM: cloud trail
 27698 | D:13     | XOM: god gift: wand of iceblast (4)
 27727 | D:14     | XOM: summons friendly white imp
 27732 | D:14     | XOM: enchant monster (good)
 27740 | D:14     | XOM: enchant monster (good)
 27892 | D:14     | Reached skill level 10 in Evocations
 27990 | D:14     | Found a basalt altar of Yredelemnul.
 28031 | D:14     | Noticed Roxanne
 28035 | D:14     | Found Suarpheto's Antique Armour Shoppe.
 28068 | D:14     | XOM: confuse monster(s)
 28070 | D:14     | XOM: destruction
 28118 | D:14     | Got the Anthology of The Black Sun
 28274 | D:14     | XOM: cast spell 'Summon Dragon'
 28309 | D:14     | Killed Roxanne
 28368 | D:14     | XOM: cloud trail
 28622 | D:14     | XOM: divination: detect creatures
 28637 | D:15     | Entered Level 15 of the Dungeon
 28693 | D:15     | Found a transporter.
 28693 | D:15     | Noticed ZLogic's ghost (journeyman SpEn)
 28693 | D:15     | XOM: 1-stop teleportation journey
 28784 | D:15     | Found a staircase to the Depths.
 28784 | D:15     | XOM: blink monster(s)
 28788 | D:15     | XOM: noise
 28790 | D:15     | XOM: summons 4 friendly demons
 28796 | D:15     | XOM: chaos upgrade
 28799 | D:15     | XOM: 1-stop teleportation journey
 29027 | D:15     | XOM: potion effect (haste)
 29108 | D:15     | Reached skill level 14 in Short Blades
 29157 | D:15     | XOM: potion effect (brilliance)
 29371 | D:15     | Identified the +7 falchion of Ravage {flame, rPois rC+
                  | Int-5 SInv}
 29430 | D:15     | Found a transporter.
 29532 | D:15     | XOM: noise
 29543 | D:15     | XOM: divination: detect creatures
 29581 | D:15     | XOM: potion effect (heal wounds)
 29599 | D:15     | XOM: divination: detect creatures
 29929 | D:15     | XOM: divination: detect items
 29980 | D:15     | XOM: divination: detect creatures
 30321 | Swamp:1  | Entered Level 1 of the Swamp
 30498 | Swamp:1  | XOM: silly message
 30499 | Swamp:1  | XOM: divination: detect creatures
 30511 | Swamp:1  | XOM: repel stairs
 30890 | Swamp:1  | XOM: 1-stop teleportation journey
 31955 | Swamp:1  | XOM: summons 2 hostile demons
 32106 | Swamp:1  | XOM: summons 7 hostile demons
 32290 | Swamp:1  | XOM: give mutations
 32290 | Swamp:1  | Lost mutation: You are vulnerable to heat. (rF-) [Xom's
                  | mischief]
 32290 | Swamp:1  | Lost mutation: You are resistant to electric shocks.
                  | (rElec) [Xom's mischief]
 32290 | Swamp:1  | Lost mutation: Your muscles are strong. (Str +4, Int/Dex
                  | -1) [Xom's mischief]
 32477 | Swamp:1  | XOM: stat loss: -1 Str (15/16)
 32509 | Swamp:1  | Reached skill level 15 in Short Blades
 32607 | Swamp:2  | XOM: god gift: Viuvi's Teachings on Gelid Terra Firma {god
                  | gift}
 32617 | Swamp:2  | Got Viuvi's Teachings on Gelid Terra Firma {god gift}
 32686 | Swamp:2  | XOM: god gift: twisted sapphire ring {god gift}
 32949 | Swamp:2  | XOM: summons friendly quasit
 32981 | Swamp:1  | Gained mutation: When seriously injured, your blood forms
                  | thick armour. (AC +9) [demonic ancestry]
 32981 | Swamp:1  | Reached XP level 16. HP: 126/139 MP: 14/14
 33455 | Swamp:2  | Found a runed translucent door.
 33459 | Swamp:2  | Noticed pleonasm's ghost (adept OgBe)
 33470 | Swamp:2  | XOM: silly message
 33578 | Swamp:2  | Noticed Frances
 33589 | Swamp:2  | XOM: potion effect (invisibility)
 33591 | Swamp:2  | Killed Frances
 33650 | Swamp:2  | XOM: divination: magic mapping
 33688 | Swamp:2  | Noticed Donald
 33703 | Swamp:2  | XOM: potion effect (heal wounds)
 33711 | Swamp:2  | Killed Donald
 33744 | Swamp:2  | XOM: divination: magic mapping
 33920 | Swamp:2  | XOM: potion effect (might)
 33979 | Swamp:2  | XOM: silly message
 34194 | Swamp:2  | XOM: 2-stop teleportation journey
 34269 | Swamp:2  | Noticed a thorn hunter
 34285 | Swamp:2  | XOM: enchant monster (good)
 34292 | Swamp:2  | Killed a thorn hunter
 34293 | Swamp:2  | Reached skill level 16 in Short Blades
 34597 | Swamp:2  | XOM is BORED!
 34936 | Swamp:3  | Noticed Mlioglotl
 34936 | Swamp:3  | XOM: enchant monster (good)
 34975 | Swamp:3  | Killed Mlioglotl
 35520 | Swamp:3  | XOM: cloud trail
 35720 | Swamp:3  | Identified the +10 spear of Compassion {vamp, rC+ rN+
                  | rCorr}
 36171 | Swamp:3  | Paralysed by a hornet for 1 turns
 36172 | Swamp:3  | XOM: enchant monster (bad)
 36310 | Swamp:3  | XOM: 9-stop teleportation journey
 36514 | Swamp:3  | XOM: give mutations
 36514 | Swamp:3  | Lost mutation: Your natural rate of healing is unusually
                  | fast. [Xom's mischief]
 36514 | Swamp:3  | Lost mutation: You occasionally shout uncontrollably at
                  | your foes. [Xom's mischief]
 36514 | Swamp:3  | Lost mutation: You are dopey. (Int -2) [Xom's mischief]
 36568 | Swamp:3  | XOM: enchant monster (good)
 36643 | Swamp:3  | XOM: give mutations
 36643 | Swamp:3  | Gained mutation: Your body sometimes deteriorates upon
                  | taking damage. [Xom's mischief]
 36643 | Swamp:3  | Gained mutation: Your body often deteriorates upon taking
                  | damage. [Xom's mischief]
 36643 | Swamp:3  | Lost mutation: You passively dampen the noise of your
                  | surroundings. [Xom's mischief]
 36666 | Swamp:3  | XOM: fake destruction
 36682 | Swamp:3  | XOM: scenery: summon butterflies
 36697 | Swamp:3  | XOM: scenery: create altars
 36710 | Swamp:3  | Reached skill level 17 in Short Blades
 36739 | Swamp:3  | XOM: noise
 37035 | Swamp:3  | Acquired a manual of Armour
 37063 | Swamp:4  | Entered Level 4 of the Swamp
 37251 | Swamp:4  | Noticed a thorn hunter
 37275 | Swamp:4  | Killed a thorn hunter
 37412 | Swamp:4  | Identified the +3 dagger of Doom {holy, rF+}
 37922 | Swamp:4  | XOM: 2-stop teleportation journey
 38015 | Swamp:4  | XOM: summons 4 hostile shadow creatures
 38030 | Swamp:4  | XOM: swap monsters
 38031 | Swamp:4  | XOM: summons friendly crimson imp
 38032 | Swamp:4  | XOM: confusion (+ monsters)
 38035 | Swamp:4  | XOM: divine lightning
 38062 | Swamp:4  | XOM: potion effect (haste)
 38220 | Swamp:4  | XOM: cast spell 'Chain of Chaos'
 38221 | Swamp:4  | XOM: scenery: summon butterflies
 38227 | Swamp:4  | XOM: summons friendly quasit
 38400 | Swamp:4  | XOM: cloud trail
 38464 | Swamp:4  | XOM: give mutations
 38464 | Swamp:4  | Lost mutation: You are extremely strong-willed. (Will+++)
                  | [Xom's mischief]
 38464 | Swamp:4  | Lost mutation: Your magical capacity is low. (-10% MP)
                  | [Xom's mischief]
 38464 | Swamp:4  | Gained mutation: You are extremely strong-willed. (Will+++)
                  | [Xom's mischief]
 38464 | Swamp:4  | Lost mutation: Your body often deteriorates upon taking
                  | damage. [Xom's mischief]
 38553 | Swamp:4  | Noticed Mara
 38555 | Swamp:4  | XOM: enchant monster (good)
 38567 | Swamp:4  | Killed Mara
 38978 | Swamp:4  | Noticed a thorn hunter
 38999 | Swamp:4  | Killed a thorn hunter
 39120 | Swamp:4  | XOM: 2-stop teleportation journey
 39484 | Swamp:4  | XOM: noise
 39701 | Swamp:4  | XOM: give mutations
 39701 | Swamp:4  | Lost mutation: You are robust. (+10% HP) [Xom's mischief]
 39701 | Swamp:4  | Lost mutation: You are somewhat resistant to further
                  | mutation. [Xom's mischief]
 39701 | Swamp:4  | Gained mutation: You are somewhat resistant to further
                  | mutation. [Xom's mischief]
 39783 | Swamp:4  | XOM: swap monsters
 39881 | Swamp:4  | Noticed Aizul
 39881 | Swamp:4  | XOM: 1-stop teleportation journey
 39900 | Swamp:4  | Killed Aizul
 40045 | Swamp:4  | XOM: torment (65/127 hp)
 40054 | Swamp:4  | XOM: scenery: summon butterflies
 40290 | Swamp:4  | XOM: 4-stop teleportation journey
 40425 | Swamp:4  | XOM: 4-stop teleportation journey
 40444 | Swamp:4  | XOM: fog
 40445 | Swamp:4  | XOM: 4-stop teleportation journey
 40456 | Swamp:4  | XOM: summons friendly soul eater
 40481 | Swamp:4  | XOM: confuse monster(s)
 40502 | Swamp:4  | XOM: 7-stop teleportation journey
 40611 | Swamp:4  | Reached XP level 17. HP: 123/133 MP: 17/17
 40676 | Swamp:4  | XOM: enchant monster (good)
 41487 | Swamp:4  | Got a decaying rune of Zot
 41562 | Swamp:4  | XOM: cloud trail
 41986 | D:13     | Bought a scroll of enchant armour for 217 gold pieces
 41986 | D:13     | Bought a scroll of blinking for 217 gold pieces
 41986 | D:13     | Bought a potion of invisibility for 232 gold pieces
 42046 | Orc:1    | Entered Level 1 of the Orcish Mines
 42047 | Orc:1    | Noticed Maurice
 42058 | Orc:1    | XOM: confuse monster(s)
 42061 | Orc:1    | Killed Maurice
 42078 | Orc:1    | XOM: potion effect (might)
 42288 | Orc:1    | XOM: divination: detect creatures
 42315 | Orc:1    | XOM: silly message
 42346 | Orc:1    | XOM: potion effect (invisibility)
 42362 | D:11     | Identified the staff of earth "Soruwa" {rPois Dex+3} (Xom
                  | gifted it to you on level 11 of the Dungeon)
 42362 | D:11     | XOM: god gift: staff of earth "Soruwa" {rPois Dex+3}
 42476 | D:11     | XOM: scenery: 2 doors close
 42651 | Orc:1    | Noticed Josephine
 42664 | Orc:1    | Killed Josephine
 42952 | Orc:1    | Reached skill level 18 in Short Blades
 43015 | Orc:1    | Found Tihen's Distillery.
 43053 | Orc:1    | Bought 2 potions of curing for 96 gold pieces
 43053 | Orc:1    | Bought 2 potions of heal wounds for 160 gold pieces
 43053 | Orc:1    | Bought a potion of invisibility for 128 gold pieces
 43053 | Orc:1    | Bought a potion of heal wounds for 80 gold pieces
 43071 | Orc:1    | XOM: scenery: create altars
 43074 | Orc:1    | XOM: summons 2 friendly demons
 43129 | Orc:1    | Found a transporter.
 43149 | Orc:1    | Found a transporter.
 43164 | Orc:1    | Noticed Paschim's ghost (journeyman MiBe)
 43274 | Orc:1    | Gained mutation: You sometimes lose your temper in combat.
                  | [a neqoxec]
 43274 | Orc:1    | Gained mutation: You are dopey. (Int -2) [a neqoxec]
 43276 | Orc:1    | XOM: scenery: summon butterflies
 43284 | Orc:1    | XOM: cast spell 'Summon Horrible Things'
 43311 | Orc:1    | Killed Paschim's ghost
 43312 | Orc:1    | Reached skill level 15 in Armour
 43338 | Orc:1    | XOM: give mutations
 43338 | Orc:1    | Gained mutation: You have supernaturally acute eyesight.
                  | (SInv) [Xom's grace]
 43338 | Orc:1    | Gained mutation: Your muscles are strong. (Str +4, Int/Dex
                  | -1) [Xom's grace]
 43338 | Orc:1    | Lost mutation: You are dopey. (Int -2) [Xom's grace]
 43354 | Orc:1    | Identified the ring of Cyukhlov {rElec rC+ Int+6}
 43401 | Orc:1    | XOM: scenery: create altars
 43407 | Orc:2    | Entered Level 2 of the Orcish Mines
 43839 | Orc:1    | XOM: divination: magic mapping
 44065 | Orc:2    | XOM: god gift: 914 gold pieces
 44072 | Orc:2    | Noticed Urug
 44117 | Orc:1    | XOM: 6-stop teleportation journey
 44131 | Orc:1    | XOM: god gift: wand of iceblast (5)
 44501 | D:11     | Bought a lightning rod (4/4) for 360 gold pieces
 44501 | D:11     | Bought a box of beasts for 480 gold pieces
 44548 | D:11     | XOM: give mutations
 44548 | D:11     | Gained mutation: You are resistant to electric shocks.
                  | (rElec) [Xom's grace]
 44548 | D:11     | Gained mutation: You are robust. (+10% HP) [Xom's grace]
 44678 | D:11     | XOM: scenery: 1 doors close
 44742 | Orc:2    | Killed Urug
 44801 | Orc:2    | XOM: cleaving
 45196 | Orc:2    | Found Tenic's Distillery.
 45196 | Orc:2    | Found Qawumap's Assorted Antiques.
 45198 | Orc:2    | Found Yngunaischa's General Store.
 45200 | Orc:2    | Found Syovott's Weapon Shop.
 45207 | Orc:2    | Bought a potion of curing for 39 gold pieces
 45208 | Orc:2    | Bought a pair of pitted boots for 304 gold pieces
 45208 | Orc:2    | Identified the +0 pair of boots "Kunaihit" {-Tele rF+ Str+4
                  | Stlth+} (You bought it in a shop on level 2 of the Orcish
                  | Mines)
 45215 | Orc:2    | XOM: give mutation
 45215 | Orc:2    | Gained mutation: You are agile. (Dex +4, Str/Int -1) [Xom's
                  | grace]
 45216 | Orc:2    | Bought a scroll of blinking for 75 gold pieces
 45216 | Orc:2    | Bought a wand of quicksilver (5) for 210 gold pieces
 45294 | Orc:2    | XOM: fake destruction
 45544 | Orc:2    | XOM: give mutations
 45544 | Orc:2    | Lost mutation: Your muscles are strong. (Str +4, Int/Dex
                  | -1) [Xom's mischief]
 45544 | Orc:2    | Gained mutation: You occasionally lose the ability to drink
                  | potions when taking damage. [Xom's mischief]
 45544 | Orc:2    | Lost mutation: You are somewhat resistant to further
                  | mutation. [Xom's mischief]
 45544 | Orc:2    | Lost mutation: Your spells are a little harder to cast, but
                  | a little more powerful. [Xom's mischief]
 45560 | Orc:2    | Found a staircase to the Elven Halls.
 45561 | Orc:2    | Found Peri's Weapon Shoppe.
 45606 | Orc:2    | XOM: noise
 45624 | Orc:2    | XOM: god gift: Xom's Last Testament of the Lorekeeper {god
                  | gift}
 45625 | Orc:2    | Got Xom's Last Testament of the Lorekeeper {god gift}
 45760 | Orc:2    | Bought a tiny copper amulet for 160 gold pieces
 46097 | Spider:1 | Entered Level 1 of the Spider Nest
 46244 | Spider:1 | XOM: 2-stop teleportation journey
 46290 | Spider:1 | XOM: smoke on damage
 46300 | Spider:1 | XOM: summons friendly white imp
 46309 | Spider:1 | XOM: silly message
 46356 | Spider:1 | XOM: give mutations
 46356 | Spider:1 | Gained mutation: You have a pair of small antennae on your
                  | head. [Xom's grace]
 46356 | Spider:1 | Gained mutation: You have sharp toenails. [Xom's grace]
 46378 | Spider:1 | XOM is BORED!
 46378 | Spider:1 | XOM: 1-stop teleportation journey
 46723 | Spider:1 | XOM: divination: magic mapping
 46728 | Spider:1 | XOM: divination: detect creatures
 46732 | Spider:1 | XOM: enchant monster (good)
 47110 | Spider:1 | XOM: silly message
 47130 | Spider:1 | XOM: silly message
 47514 | Spider:1 | XOM is BORED!
 47595 | Spider:2 | XOM: cleaving
 47709 | Spider:1 | XOM: give mutations
 47709 | Spider:1 | Gained mutation: You are somewhat resistant to further
                  | mutation. [Xom's grace]
 47709 | Spider:1 | Gained mutation: Your mind is acute. (Int +4, Str/Dex -1)
                  | [Xom's grace]
 47709 | Spider:1 | Gained mutation: Your flesh is heat resistant. (rF+) [Xom's
                  | grace]
 47709 | Spider:1 | Gained mutation: You have razor-sharp toenails. [Xom's
                  | grace]
 48022 | Spider:2 | XOM: polymorph tarantella -> yak
 48073 | Spider:1 | Lost mutation: You are somewhat resistant to further
                  | mutation. [mutagenic glow]
 48190 | Spider:1 | XOM: scenery: summon butterflies
 48834 | Spider:2 | XOM: 6-stop teleportation journey
 48877 | Spider:2 | XOM: cloud trail
 48917 | Spider:2 | You fall into a shaft and drop 1 floor!
 48931 | Spider:3 | XOM: 10-stop teleportation journey
 49291 | Spider:2 | XOM: give mutations
 49291 | Spider:2 | Gained mutation: Your flesh is cold resistant. (rC+) [Xom's
                  | grace]
 49291 | Spider:2 | Gained mutation: You passively map a small area around you.
                  | [Xom's grace]
 49291 | Spider:2 | Gained mutation: Your muscles are strong. (Str +4, Int/Dex
                  | -1) [Xom's grace]
 49291 | Spider:2 | Gained mutation: Your spells are a little harder to cast,
                  | but a little more powerful. [Xom's grace]
 49413 | Spider:2 | XOM: scenery: summon butterflies
 49421 | Spider:2 | XOM: summons 2 friendly demons
 49466 | Spider:2 | XOM: scenery: summon butterflies
 49585 | Spider:2 | XOM: god gift: +2 buckler of reflection
 49640 | Spider:2 | Identified the +0 plate armour of the Fifty Demons {rElec
                  | rCorr}
 49809 | Spider:2 | XOM: summons 2 hostile demons
 50230 | Spider:2 | XOM: potion effect (brilliance)
 50238 | Spider:2 | HP: 5/148 [emperor scorpion (17)]
 50238 | Spider:2 | Slain by an emperor scorpion

Illustrated notes

Levels and vault maps discovered:
D:1:      eino_arrival_tree_alley, layout_rooms, serial_glass, glass_columns_a,
          glass_columns_a
D:2:      layout_basic, serial_shops, nicolae_shop_hallway_plus, serial_glass,
          glass_columns_c, glass_columns_a, uniq_robin
D:3:      layout_loops_ring, ebering_ecumenical_altar_petrified, serial_shops,
          shop
D:4:      layout_cave_pools, minmay_manual_mail
D:5:      layout_basic, minmay_misc_feat_doors, st_stairs_12, uniq_grinder,
          uniq_eustachio, uniq_edmund
D:6:      layout_basic, slow_altar_1, minmay_temple_entry_proselytizer
D:7:      kennysheep_big_flooded_room, layout_rooms, nicolae_hexahallways,
          st_stairs_3, palyth_stone_intersect, uniq_duvessa
D:8:      layout_loops_ring, mainiacjoe_overflow_six_doors_small
D:9:      layout_basic, kennysheep_windowed_goal
D:10:     layout_irregular_city, serial_shops, shop, uniq_nergalle, uniq_grum
D:11:     layout_gridville, david_lair_generic, orc_0_dummy, serial_shops, shop
D:12:     layout_loops_ring, hangedman_decor_growths
D:13:     layout_grid_maze, erik_vaults_1, serial_shops,
          nicolae_shop_temple_entry_statues_fountains, shop,
          nicolae_shop_window_shopping, nicolae_shop_pleasant_corner_grove,
          nicolae_shop_dealshenge, chequers_serial_rivers_micro_e,
          kennysheep_generic_room_3, uniq_jorgrun
D:14:     dreamdust_black_sun_cult, layout_gridville,
          nicolae_dithmenos_the_darkroom, serial_shops, shop, shop, shop,
          shop_fountains, yredelemnul_forgotten_temple_becter, uniq_roxanne,
          uniq_rupert
D:15:     gammafunk_depths_entry_grave, layout_loops_cross,
          minmay_misc_feat_ornament, gammafunk_ghost_mausoleum, minivault_25
Lair:1:   layout_big_grid, nicolae_lair_grove_arrangements, patterned_corridor
Lair:2:   layout_roguey, nicolae_swamp_entry_spooky, spider_nest_entry_a
Lair:3:   statuecave_lemuel, layout_loops_ring, gammafunk_ghost_necromancy,
          nicolae_lair_lakeside_cave
Lair:4:   layout_regular_city, small_statue_intersection, serial_bayou_shore_b,
          lemuel_fruit_tree, grunt_megastairs_1, uniq_nessos, uniq_kirke
Lair:5:   grunt_lair_end_beastmaster, layout_concentric_octagons, slime_entry_1
Swamp:1:  layout_falls_marsh, evilmike_swamp_ruin_rubble_2
Swamp:2:  layout_basic_swamp, ebering_ghost_inner_flame,
          evilmike_swamp_ruin_house_2, uniq_donald, uniq_frances
Swamp:3:  layout_basic_swamp, evilmike_swamp_ruin_rubble_1, uniq_mlioglotl
Swamp:4:  swamp_icy, layout_basic_swamp, swamp_pool2, uniq_aizul, uniq_mara
Spider:1: layout_spider_delve, nicolae_spider_bug_shape
Spider:2: layout_chambers, nicolae_spider_bzzzt,
          hangedman_spider_tarantella_strand
Spider:3: layout_spider_delve, nicolae_spider_cling_halls
Orc:1:    layout_diamond_mine, gammafunk_ghost_stat_death, serial_shops,
          nicolae_shop_tiny_glass, special_room [special_room_orc],
          uniq_maurice, uniq_josephine
Orc:2:    st_orc_rangers, layout_caves, serial_shops,
          nicolae_shop_tiny_waterfront, uniq_urug

Skill      XL: |  1  2  3  4  5  6  7  8  9 10 11 12 13 14 15 16 17 |
---------------+----------------------------------------------------+-----
Throwing       | 2 6 11 12 | 12.0
Short Blades   | 3 5 9 10 13 15 17 18 | 18.0
Dodging        | 3 |  3.0
Fighting       | 3 4 5 6 8 10 12 | 12.7
Armour         | 1 3 4 6 7 8 10 12 13 16 | 16.0
Evocations     | 4 9 12 13 | 13.4

Action                     |  1- 3 |  4- 6 |  7- 9 | 10-12 | 13-15 | 16-18 || total
---------------------------+-------+-------+-------+-------+-------+-------++-------
  Melee: Rapier            |    63 |    21 |       |       |       |       ||    84
         Touch             |     2 |    16 |    36 |   182 |   399 |   319 ||   954
         Dagger            |       |    47 |   171 |   596 |       |       ||   814
         Punch             |       |     1 |       |    11 |    29 |    20 ||    61
         Quick blade       |       |       |       |    51 |  1521 |  1374 ||  2946
         Headbutt          |       |       |       |       |    35 |       ||    35
  Throw: Throwing net      |       |     3 |     2 |     4 |     1 |     1 ||    11
         Boomerang         |       |       |     7 |    41 |    15 |   145 ||   208
         Dart              |       |       |     3 |       |       |       ||     3
         Javelin           |       |       |       |       |     4 |     2 ||     6
  Evoke: Wand              |       |       |     7 |       |     3 |    22 ||    32
         Tin of tremorston |       |       |       |       |     4 |     3 ||     7
         Phantom mirror    |       |       |       |       |     2 |     3 ||     5
         Box of beasts     |       |       |       |       |       |     1 ||     1
    Use: Scroll            |       |     2 |     4 |    10 |    10 |     8 ||    34
         Potion            |       |       |       |     4 |     7 |     4 ||    15
   Stab: Held in net/web   |       |     2 |     4 |     5 |       |     2 ||    13
         Confused          |       |       |       |     1 |    10 |     4 ||    15
         Invisible         |       |       |       |     5 |     2 |     8 ||    15
         Petrified         |       |       |       |     2 |     2 |     2 ||     6
         Distracted        |       |       |       |       |     2 |     2 ||     4
         Petrifying        |       |       |       |       |     2 |       ||     2
         Paralysed         |       |       |       |       |       |     1 ||     1
         Sleeping          |       |       |       |       |       |     1 ||     1
 Armour: Leather armour    |    10 |       |       |       |       |       ||    10
         Scale mail        |    11 |    12 |    17 |       |       |       ||    40
         Plate armour      |       |       |    14 |   161 |   476 |   652 ||  1303
  Dodge: Dodged            |    35 |    35 |    62 |   111 |   218 |   266 ||   727
  Block: Other             |       |       |       |     3 |    97 |    95 ||   195
         Reflection        |       |       |       |       |     3 |    33 ||    36
